 Dungeon Crawl Stone Soup version 0.31.0-12-g77e489cdc1 (webtiles) character file.

Game seed: 504452193947988162

96564 Doomgape the Unseen (level 15, -1/75 HPs)
             Began as a Spriggan Hunter on Feb 25, 2024.
             Was the Champion of Dithmenos.
             Slain by a demonic crawler (9 damage)
             ... on level 2 of the Spider Nest.
             The game lasted 01:59:36 (23828 turns).

Doomgape the Unseen (Spriggan Hunter)              Turns: 23828, Time: 01:59:36

Health: -1/75      AC:  7    Str:  7    XL:     15   Next: 41%
Magic:  25/25      EV: 42    Int: 14    God:    Dithmenos [******]
Gold:   2759       SH:  0    Dex: 32    Spells: 8/14 levels left

rFire   + . .        M - +10 rapier "Hoajekhli" {venom, Int+3}
rCold   + . .        (no shield)
rNeg    . . .        x - +2 steam dragon scales
rPois   .            (helmet restricted)
rElec   .            B - scarf {rC+ rF+}
rCorr   +            (gloves unavailable)
SInv    +            (boots unavailable)
Will    ++...        l - amulet of regeneration Stlth *****+++++
                     v - ring of resist corrosion
HPRegen 1.12/turn    u - +6 ring of dexterity
MPRegen 0.19/turn

%: no passive effects
@: wreathed by umbra, very quick
A: very small, no large weapons, unfitting armour, see invisible, speed 3
a: Renounce Religion, Shadow Step, Shadow Form


You were on level 2 of the Spider Nest.
You worshipped Dithmenos.
Dithmenos was exalted by your worship.
You visited 5 branches of the dungeon, and saw 25 of its levels.
You also visited: Sewer.

You collected 3556 gold pieces.
You spent 797 gold pieces at shops.

Inventory:

Hand Weapons
 i - a +1 hand cannon of flaming
 M - the +10 rapier "Hoajekhli" (weapon) {venom, Int+3}
   (You found it on level 5 of the Lair of Beasts)

   Int+3:     It affects your intelligence (+3).
Missiles
 f - 3 throwing nets
Armour
 x - +2 steam dragon scales (worn)
 B - a scarf of resistance (worn)
Jewellery
 l - an amulet of regeneration (around neck)
 p - a ring of ice
 s - a ring of protection from fire
 t - an amulet of guardian spirit
 u - a +6 ring of dexterity (right hand)
 v - a ring of resist corrosion (left hand)
 w - a ring of fire
 L - a ring of positive energy
 P - a ring of protection from fire
Wands
 q - a wand of iceblast (27)
 A - a wand of paralysis (7)
 E - a wand of quicksilver (6)
 N - a wand of mindburst (2)
Scrolls
 b - a scroll of butterflies
 c - a scroll of enchant armour
 d - 7 scrolls of teleportation
 m - 14 scrolls of identify
 n - 5 scrolls of revelation
 r - 2 scrolls of amnesia
 y - 2 scrolls of vulnerability
 C - 2 scrolls of poison
 D - 2 scrolls of noise
 F - 2 scrolls of silence
 G - 3 scrolls of fear
 I - 2 scrolls of immolation
 J - 5 scrolls of summoning
 O - a scroll of enchant weapon
 R - 4 scrolls of blinking
Potions
 a - 2 potions of enlightenment
 e - 3 potions of magic
 g - a potion of cancellation
 h - a potion of heal wounds
 j - a potion of haste
 k - 2 potions of might
 o - 2 potions of ambrosia
 z - 2 potions of curing
 H - 3 potions of resistance
 K - 3 potions of attraction


   Skills:
 - Level 7.0 Fighting
 + Level 10.0 Short Blades
 - Level 14.2 Ranged Weapons
 + Level 17.0 Dodging
 - Level 18.1 Stealth
 + Level 12.2 Invocations


You had 8 spell levels left.
You knew the following spells:

 Your Spells              Type           Power      Damage    Failure   Level
a - Teleport Other        Tloc           0%         N/A       65%         3
b - Gell's Gravitas       Tloc           0%         N/A       65%         3

Your spell library contained the following spells:

 Spells                   Type           Power      Damage    Failure   Level
 Kiss of Death            Conj/Necr      0%         2d5       28%         1
 Cigotuvi's Dreadful Rot  Necr/Alch/Air  0%         N/A       41%         2
 Ensorcelled Hibernation  Hex/Ice        0%         N/A       41%         2
 Lesser Beckoning         Tloc           0%         N/A       41%         2
 Confusing Touch          Hex            0%         N/A       65%         3
 Fugue of the Fallen      Necr           0%         N/A       65%         3
 Ozocubu's Armour         Ice            0%         N/A       65%         3
 Passwall                 Erth           0%         N/A       65%         3
 Swiftness                Air            0%         N/A       65%         3
 Volatile Blastmotes      Fire/Tloc      0%         2d10      65%         3
 Dispel Undead            Necr           0%         3d6       96%         4
 Fulminant Prism          Conj/Alch      0%         3d5       96%         4
 Iskenderun's Mystic Bla  Conj/Tloc      0%         2d3       96%         4
 Manifold Assault         Tloc           0%         N/A       96%         4
 Martyr's Knell           Necr/Summ      0%         N/A       96%         4
 Vhi's Electric Charge    Tloc/Air       0%         N/A       96%         4
 Arcjolt                  Conj/Air       0%         1d10      100%        5
 Death Channel            Necr           0%         N/A       100%        6
 Plasma Beam              Fire/Air       0%         2x1d10    100%        6


Dungeon Overview and Level Annotations

Branches:
Dungeon (15/15)            Temple (1/1) D:4            Lair (5/5) D:10
 Shoals (0/4) Lair:3       Spider (2/4) Lair:3        Slime (0/5) Lair:5
    Orc (2/2) D:10            Elf (0/3) Orc:2        Vaults (0/5) D:14
 Depths (0/4) D:15          Sewer (visited)

Altars:
Ashenzari
Cheibriados
Dithmenos
Elyvilon
Fedhas
Gozag
Hepliaklqana
Kikubaaqudgha
Makhleb
Nemelex Xobeh
Okawaru
Qazlal
Ru
Sif Muna
Trog
Uskayaw
Vehumet
Wu Jian
Xom
Yredelemnul
Zin
The Shining One
Jiyva

Shops:
D:3 !(**   D:8 !*   D:9 =   D:15 ?   Orc:2 !=:?(


Innate Abilities, Weirdness & Mutations

You are very small and have problems with some larger weapons.
You are too small for most types of armour.
You have supernaturally acute eyesight. (SInv)
You cover ground extremely quickly. (Speed+++)


Message History

* * * LOW HITPOINT WARNING * * *
You emit a cloud of dark smoke.
The demonic crawler completely misses you.
You barely miss the demonic crawler.
The demonic crawler is severely wounded.
The demonic crawler completely misses you. x3
Unknown command.
You hit the demonic crawler.
The demonic crawler is severely wounded.
Your shadow hits the demonic crawler but does no damage.
The demonic crawler completely misses you. x3
Unknown command.
You hit the demonic crawler but do no damage.
The demonic crawler looks as sick as possible!
The demonic crawler is severely wounded.
The demonic crawler hits you!
* * * LOW HITPOINT WARNING * * *
The demonic crawler completely misses you.
The demonic crawler hits you but does no damage.
You hit the demonic crawler.
The demonic crawler looks as sick as possible!
The demonic crawler is heavily wounded.
Unknown command.
You hit the demonic crawler but do no damage.
The demonic crawler is heavily wounded.
Your shadow hits the demonic crawler with a rapier.
The demonic crawler completely misses you. x3
Unknown command.
You hit the demonic crawler.
The demonic crawler looks as sick as possible!
The demonic crawler is severely wounded.
Your shadow hits the demonic crawler but does no damage.
The demonic crawler completely misses you. x3
Unknown command.
You hit the demonic crawler.
The demonic crawler is heavily wounded.
The demonic crawler hits you!
* * * LOW HITPOINT WARNING * * *
The demonic crawler hits you!
You die...

.....# .....## ......# ......#
......# §§§§..# §§....# §§§.###
### ##.B# #@# #### #.†# ##s#
##..##### ##.# #§## #....).^#
##.# #§# #........
#.B###########§# #........
##......w..s..§§# #........
#..#°......s...=#########^.^.....
.....###....#†.....†....#........
.......#......#########.^........


You could see a demonic crawler (extremely poisoned).

Vanquished Creatures
  Rupert (D:12)
  A frost giant (D:15)
  A ghost moth (Spider:1)
  Nessos (D:14)
  A spark wasp (Spider:2)
  A fire dragon (Lair:5)
  An ettin (Orc:1)
  An entropy weaver (shapeshifter) (D:15)
  3 hydras
  A vault guard (D:14)
  Erolcha (Orc:2)
  2 ogre magi
  A catoblepas (Lair:5)
  A radroach (Spider:2)
  3 centaur warriors
  A jorogumo (Spider:1)
  3 two-headed ogres
  2 boulder beetles
  6 death yaks (D:10)
  2 tengu warriors (D:15)
  4 demonic crawlers
  Nergalle (Orc:2)
  A skyshark (Lair:4)
  A skeletal warrior (D:13)
  A fire crab (Lair:5)
  A swamp dragon (Lair:5)
  2 lindwurms
  A steelbarb worm (Spider:2)
  A harpy (shapeshifter) (D:14)
  An obsidian statue (D:15)
  A deep elf pyromancer (D:13)
  8 orc sorcerers
  3 orc knights
  6 wolf spiders
  8 ugly things
  3 oklob plants
  5 cyclopes
  6 manticores
  5 elephants (Lair:4)
  A kobold blastminer (Orc:2)
  3 torpor snails
  4 black mambas
  3 gargoyles
  7 komodo dragons
  6 rime drakes
  8 cane toads
  A freezing wraith (D:13)
  3 kobold demonologists (D:11)
  An unseen horror (D:12)
  A tengu conjurer (D:13)
  Maggie (D:6)
  A polar bear (Lair:4)
  A wind drake (Lair:3)
  10 trolls
  A wolf spider simulacrum (D:14)
  2 hornets
  3 blink frogs (Lair:4)
  14 tarantellas
  A dream sheep (Lair:5)
  2 centaur simulacra
  6 jumping spiders
  8 culicivoras
  Sigmund (D:5)
  10 slime creatures
  8 wyverns
  3 shadows
  A vampire (D:14)
  25 yaks
  A steam dragon (Lair:5)
  4 basilisks
  3 wargs
  11 redbacks
  A vampire mosquito (D:14)
  2 acid dragons
  14 water moccasins
  3 swamp drakes (Lair:5)
  13 orc warriors
  An ice beast (D:6)
  3 black bears
  A crocodile (Sewer)
  An ogre (shapeshifter) (D:13)
  3 boggarts (D:15)
  9 wolves
  13 ogres
  6 centaurs
  A phantom (D:5)
  7 bullfrogs
  A brain worm (Sewer)
  Blork the orc (D:5)
  A gnoll sergeant (D:8)
  5 scorpions
  13 wights
  5 killer bees (D:9)
  2 electric eels
  2 howler monkeys
  3 hounds
  A jelly (D:4)
  11 orc priests
  3 bombardier beetles
  5 gnoll boudas
  4 hell rats (Lair:1)
  9 iguanas
  37 orc wizards
  4 adders
  26 gnolls
  3 shadow imps
  3 white imps (D:6)
  2 ufetubi (D:5)
  6 dart slugs
  2 ribbon worms
  73 orcs
  8 endoplasms
  6 giant cockroaches
  6 goblins
  8 hobgoblins
  10 kobolds
  2 quokkas (D:1)
  3 ball pythons
  13 bats
  3 frilled lizards
  5 rats
612 creatures vanquished.

Vanquished Creatures (collateral kills)
  An ogre (D:5)
1 creature vanquished.

Grand Total: 613 creatures vanquished

Notes
Turn   | Place    | Note
-------+----------+-------------------------------------------
     0 | D:1      | Doomgape the Spriggan Hunter began the quest for the Orb.
     0 | D:1      | Reached XP level 1. HP: 10/10 MP: 2/2
    74 | D:1      | Reached skill level 2 in Stealth
   146 | D:1      | Reached XP level 2. HP: 14/14 MP: 3/3
   505 | D:1      | Reached XP level 3. HP: 18/18 MP: 4/4
   594 | D:1      | Reached skill level 3 in Stealth
  1738 | D:3      | Reached skill level 4 in Stealth
  1738 | D:3      | Reached XP level 4. HP: 19/22 MP: 5/5
  2094 | D:3      | Reached XP level 5. HP: 25/25 MP: 6/6
  2126 | D:3      | Found a glowing silver altar of Zin.
  2126 | D:3      | Found a glowing golden altar of the Shining One.
  2126 | D:3      | Found a white marble altar of Elyvilon.
  2135 | D:3      | Found Toumoun's Distillery.
  2152 | D:3      | Bought a potion of heal wounds for 60 gold pieces
  2152 | D:3      | Bought a potion of heal wounds for 60 gold pieces
  2167 | D:3      | Identified a scroll of acquirement
  2167 | D:3      | Acquired a +0 hand cannon of flaming
  2188 | D:3      | Found Buadid's General Store.
  2194 | D:3      | Reached skill level 5 in Ranged Weapons
  2215 | D:3      | Found Xuammext's Assorted Antiques.
  2262 | D:3      | Found Uwaluim's Weapon Boutique.
  2264 | D:3      | Found a faded altar of an unknown god.
  2301 | D:3      | Reached skill level 5 in Dodging
  2301 | D:3      | Reached skill level 5 in Stealth
  2383 | D:3      | Noticed an ogre
  2386 | D:3      | Killed an ogre
  2387 | D:3      | Reached XP level 6. HP: 30/30 MP: 7/7
  2558 | D:3      | Found a sparkling altar of Nemelex Xobeh.
  2953 | D:4      | Reached skill level 6 in Stealth
  3299 | D:4      | Found a staircase to the Ecumenical Temple.
  3305 | Temple   | Entered the Ecumenical Temple
  3344 | Temple   | Became a worshipper of Dithmenos the Shadowed
  3605 | D:4      | Reached XP level 7. HP: 33/33 MP: 8/8
  3959 | D:5      | Entered Level 5 of the Dungeon
  3963 | D:5      | Noticed Sigmund
  3991 | D:5      | Reached skill level 7 in Stealth
  4129 | D:5      | Reached skill level 8 in Stealth
  4196 | D:5      | Noticed Blork the orc
  4207 | D:5      | Killed Blork the orc
  4208 | D:5      | Reached XP level 8. HP: 20/37 MP: 9/9
  4271 | D:5      | Killed Sigmund
  4271 | D:5      | Reached * piety under Dithmenos
  4351 | D:5      | Reached skill level 9 in Stealth
  4851 | D:6      | Found a glowing drain.
  4882 | D:6      | Reached skill level 10 in Stealth
  4934 | Sewer    | Entered a sewer
  4983 | Sewer    | Reached ** piety under Dithmenos
  4984 | Sewer    | Reached XP level 9. HP: 41/41 MP: 10/10
  5045 | D:6      | Found a basalt altar of Yredelemnul.
  5412 | D:6      | Found a snail-covered altar of Cheibriados.
  5414 | D:6      | Noticed Maggie
  5427 | D:6      | Killed Maggie
  5428 | D:6      | Reached skill level 11 in Stealth
  5715 | D:6      | Reached skill level 10 in Dodging
  6777 | D:8      | Reached skill level 12 in Stealth
  6832 | D:8      | Found Kino's CLEARANCE SALE!.
  6850 | D:8      | Reached *** piety under Dithmenos
  6939 | D:8      | HP: 2/44 [acid dragon/splash of acid (22)]
  6999 | D:8      | Noticed a two-headed ogre
  7004 | D:8      | Killed a two-headed ogre
  7005 | D:8      | Reached XP level 10. HP: 49/49 MP: 11/11
  7048 | D:8      | Reached skill level 13 in Stealth
  7386 | D:8      | Found Sukammei's Distillery.
  7395 | D:8      | Bought a potion of curing for 39 gold pieces
  7395 | D:8      | Bought a potion of curing for 39 gold pieces
  7395 | D:8      | Bought a potion of heal wounds for 65 gold pieces
  7452 | D:9      | Found Sac Luox's Jewellery Emporium.
  7583 | D:9      | Noticed a two-headed ogre
  7587 | D:9      | Killed a two-headed ogre
  7940 | D:9      | Reached skill level 10 in Ranged Weapons
  8353 | D:10     | Entered Level 10 of the Dungeon
  8475 | D:10     | Reached skill level 14 in Stealth
  8538 | D:10     | Reached skill level 5 in Fighting
  8554 | D:10     | Found a shimmering blue altar of Sif Muna.
  8659 | D:10     | Reached **** piety under Dithmenos
  8660 | D:10     | Noticed a death yak
  8663 | D:10     | Noticed a death yak
  8665 | D:10     | Noticed a death yak
  8667 | D:10     | Killed a death yak
  8722 | D:10     | Killed a death yak
  8744 | D:10     | Killed a death yak
  8745 | D:10     | Reached skill level 15 in Stealth
  8745 | D:10     | Reached XP level 11. HP: 56/56 MP: 12/12
  8773 | D:10     | Found a staircase to the Orcish Mines.
  8786 | D:10     | Noticed a death yak
  8798 | D:10     | Killed a death yak
  8808 | D:10     | Noticed a death yak
  8818 | D:10     | Killed a death yak
  8829 | D:10     | Noticed a death yak
  8886 | D:10     | Killed a death yak
  8944 | D:10     | Found a staircase to the Lair.
  9185 | D:11     | Reached skill level 16 in Stealth
  9351 | Lair:1   | Entered Level 1 of the Lair of Beasts
  9501 | D:3      | Bought a scroll of enchant weapon for 180 gold pieces
 10003 | Lair:1   | Noticed an oklob plant
 10004 | Lair:1   | Found an ornate altar of the Wu Jian Council.
 10018 | Lair:1   | Killed an oklob plant
 10155 | Lair:1   | Reached ***** piety under Dithmenos
 10255 | Lair:1   | Reached skill level 1 in Invocations
 10745 | Lair:2   | Learned a level 3 spell: Teleport Other
 10938 | Lair:2   | Reached skill level 17 in Stealth
 11118 | Lair:2   | Reached XP level 12. HP: 63/63 MP: 15/15
 11716 | Lair:3   | Found a hole to the Spider Nest.
 12191 | Lair:3   | Found a staircase to the Shoals.
 12252 | Lair:4   | Identified the +1 war axe of Tizeagor {heavy, rC- rCorr
                  | Int+6 Dex+2}
 12326 | Lair:4   | Reached skill level 18 in Stealth
 12391 | Lair:3   | Reached skill level 5 in Invocations
 12867 | Lair:4   | Learned a level 3 spell: Gell's Gravitas
 13090 | Lair:5   | Entered Level 5 of the Lair of Beasts
 13276 | Lair:5   | Reached XP level 13. HP: 67/67 MP: 17/19
 13364 | Lair:5   | Found a viscous altar of Jiyva.
 13364 | Lair:5   | Found a staircase to the Slime Pits.
 13960 | Lair:5   | Noticed a fire dragon
 14080 | Lair:5   | Killed a fire dragon
 14743 | Lair:5   | Identified the +10 rapier "Hoajekhli" {venom, Int+3}
 14747 | Lair:5   | Got an earthy gem with 97 turns to spare
 15218 | D:11     | Reached ****** piety under Dithmenos
 15226 | D:11     | Reached skill level 1 in Short Blades
 15633 | Orc:1    | Entered Level 1 of the Orcish Mines
 15734 | Orc:2    | Entered Level 2 of the Orcish Mines
 15764 | Orc:2    | Found Musulaqo's Jewellery Boutique.
 15764 | Orc:2    | Found Zeanty's Antique Weapon Boutique.
 15768 | Orc:2    | Found Dorat's Magic Scroll Shop.
 15769 | Orc:2    | Noticed an ettin
 16008 | Orc:1    | Killed an ettin
 16296 | Orc:2    | Found a staircase to the Elven Halls.
 16692 | Orc:2    | Found Vafeaba's Distillery.
 16705 | Orc:2    | Bought a potion of heal wounds for 70 gold pieces
 16721 | Orc:2    | Found an ancient bone altar of Kikubaaqudgha.
 16722 | Orc:2    | Noticed Nergalle
 16829 | Orc:2    | Found a radiant altar of Vehumet.
 16829 | Orc:2    | Noticed Erolcha
 16850 | Orc:2    | Killed Erolcha
 16851 | Orc:2    | Reached XP level 14. HP: 72/72 MP: 20/22
 17115 | Orc:2    | Found Kaesual's Book Shop.
 17259 | Orc:2    | Killed Nergalle
 17280 | Orc:2    | Reached skill level 5 in Short Blades
 17328 | Orc:2    | Bought a scroll of identify for 22 gold pieces
 17328 | Orc:2    | Bought a scroll of identify for 22 gold pieces
 18024 | D:12     | Noticed Rupert
 18076 | D:12     | Killed Rupert
 18258 | D:12     | Reached skill level 10 in Invocations
 19013 | D:13     | Identified the +2 falchion "Ypsaxifu" {flame, Dex+4}
 19099 | D:13     | Found a broken altar of Ashenzari.
 19421 | D:14     | Noticed Nessos
 19496 | D:13     | Reached skill level 15 in Dodging
 19519 | D:14     | Killed Nessos
 20756 | D:14     | Found a hazy altar of Hepliaklqana.
 20756 | D:14     | Found a faded altar of an unknown god.
 20869 | D:14     | Found a gate to the Vaults.
 20927 | D:15     | Entered Level 15 of the Dungeon
 21180 | D:15     | Found a staircase to the Depths.
 21180 | D:15     | Noticed a frost giant
 21283 | D:15     | Killed a frost giant
 21377 | D:15     | Found a radiant altar of Vehumet.
 21514 | D:15     | Reached XP level 15. HP: 62/75 MP: 24/24
 21590 | D:15     | Found Qysi's Magic Scroll Shop.
 21599 | D:15     | Bought a scroll of identify for 32 gold pieces
 21599 | D:15     | Bought a scroll of identify for 32 gold pieces
 21599 | D:15     | Bought a scroll of identify for 32 gold pieces
 21599 | D:15     | Bought a scroll of identify for 32 gold pieces
 21599 | D:15     | Bought a scroll of identify for 32 gold pieces
 21599 | D:15     | Bought a scroll of identify for 32 gold pieces
 21599 | D:15     | Bought a scroll of teleportation for 48 gold pieces
 21713 | D:15     | Identified the +0 robe "Hypyrano" {Regen+ rCorr}
 21989 | Spider:1 | Entered Level 1 of the Spider Nest
 23789 | Spider:2 | Reached skill level 10 in Short Blades
 23828 | Spider:2 | Slain by a demonic crawler

Illustrated notes

Levels and vault maps discovered:
D:1:      lemuel_arrival_behind_the_door_small, layout_basic
D:2:      layout_basic
D:3:      layout_basic, dreamdust_divine_triumvirate, nemelex_dance_club_becter,
          serial_shops, shop, nicolae_shop_rolling_square, nicolae_shop_stone,
          nicolae_shop_temple_entry_statues_fountains,
          nicolae_ecumenical_lake_church, grunt_ministairs_5, hex_large,
          kennysheep_nondescript
D:4:      layout_basic, minmay_temple_entry_gardened_gates, grunt_ministairs_10
D:5:      layout_loops_ring, uniq_blork_the_orc, uniq_sigmund
D:6:      layout_cave_pods, mainiacjoe_overflow_alcove_1,
          yredelemnul_altar_generic, cheibrodos_sewer_entry_drain, uniq_maggie
D:7:      layout_loops_ring, lightli_corner_chamber
D:8:      layout_rooms, serial_curves, eino_curves_03, eino_curves_04,
          eino_curves_04, eino_curves_01, serial_shops, shop,
          nicolae_shop_clearance
D:9:      layout_loops_corners, serial_shops, nicolae_shop_gaudy_bauble,
          nicolae_fountain_basement
D:10:     layout_roguey, mainiacjoe_overflow_concentric_impassable,
          dpeg_lair_monsters, minmay_orc_entry_temple_small
D:11:     layout_rooms
D:12:     layout_basic, portal_ice_cave_entry_pillars_1, minivault_22,
          grunt_ministairs_3, uniq_rupert
D:13:     layout_basic, ashenzari_altar_1
D:14:     layout_basic, david_vaults_5, nicolae_figureground_pulse,
          beargit_hepliaklqana_dungeon_heroes, uniq_nessos
D:15:     grunt_enter_depths_snipers, layout_gridville, serial_shops,
          nicolae_lakefront_shop, lemuel_crystal_altar, minivault_16
Temple:   minmay_freezing_vapour_temple
Lair:1:   layout_cave_pods, lemuel_oklob_altar, serial_bayou_shore_a
Lair:2:   layout_regular_city, serial_bayou_crossing,
          infiniplex_staircase_pool_2
Lair:3:   layout_misc_corridors, minmay_shoals_entry_beasts,
          spider_nest_entry_webs, nicolae_quartered_pool_super, minivault_24
Lair:4:   layout_regular_city
Lair:5:   hangedman_lair_in_review, layout_gridlike, guppyfry_lair_end_dragon,
          minmay_slime_entry_oklob_open, chequers_serial_rivers_small_b,
          lookout_lair_type
Spider:1: layout_spider_delve, drop_trap
Spider:2: layout_cave_pods
Orc:1:    layout_diamond_mine
Orc:2:    kennysheep_orc_mage_school, layout_diamond_mine, serial_shops, shop,
          basic_altar

Skill      XL: |  1  2  3  4  5  6  7  8  9 10 11 12 13 14 15 |
---------------+----------------------------------------------+-----
Stealth        | 2 4 5 6 8 10 12 15 17 18 | 18.1
Dodging        | 3 4 5 6 7 9 10 11 13 16 17 | 17.0
Ranged Weapons | 5 6 8 9 10 12 13 14 | 14.2
Fighting       | 3 5 7 |  7.0
Invocations    | 2 6 9 11 12 | 12.2
Short Blades   | 4 8 10 | 10.0

Action                     |  1- 3 |  4- 6 |  7- 9 | 10-12 | 13-15 || total
---------------------------+-------+-------+-------+-------+-------++-------
  Melee: Rapier            |       |       |       |       |   205 ||   205
         Punch             |       |       |       |       |     4 ||     4
         Hand cannon       |       |       |       |       |     1 ||     1
   Fire: Shortbow          |   121 |    43 |       |       |       ||   164
         Hand cannon       |       |    90 |   278 |   446 |   928 ||  1742
  Evoke: Wand              |       |       |       |       |     9 ||     9
    Use: Scroll            |     4 |     5 |     8 |     9 |     6 ||    32
         Potion            |       |       |     3 |       |    12 ||    15
   Stab: Sleeping          |       |       |       |       |    12 ||    12
         Paralysed         |       |       |       |       |     1 ||     1
 Armour: Robe              |     9 |    11 |    38 |       |       ||    58
         Steam dragon scal |       |       |    24 |    52 |   194 ||   270
  Dodge: Dodged            |    32 |    44 |   230 |   234 |  1256 ||  1796
